 Dungeon Crawl Stone Soup version 0.26.1-11-gd32895ea62 (webtiles) character file.

Game seed: 6821853906719638888

2398 porpoise the Slinger (level 9, -7/64 HPs)
             Began as a Halfling Hunter on July 19, 2021.
             Was a Follower of Fedhas.
             Mangled by a two-headed ogre
             ... wielding a +0 giant club
              (9 damage)
             ... on level 7 of the Dungeon.
             The game lasted 00:19:53 (8128 turns).

porpoise the Slinger (Halfling Hunter)              Turns: 8128, Time: 00:19:56

Health: -7/64      AC: 14    Str: 16    XL:     9   Next: 75%
Magic:  11/11      EV: 12    Int:  9    God:    Fedhas [*.....]
Gold:   493        SH:  0    Dex: 15    Spells: 8/8 levels left

rFire    . . .     SeeInvis .   a - +2 hunting sling
rCold    . . .     Faith    .   (shield restricted)
rNeg     + . .     Spirit   .   v - +0 chain mail {rPois}
rPois    +         Reflect  .   x - +2 hat
rElec    .         Harm     .   B - +0 cloak
rCorr    .         Rampage  .   E - +0 pair of gloves
Will     .....                  (no boots)
Stlth    ..........             (no amulet)
HPRegen  0.20/turn              (no ring)
MPRegen  0.12/turn              c - ring of positive energy

@: no status effects
A: small, mutation resistance 1
a: Renounce Religion


You were on level 7 of the Dungeon.
You worshipped Fedhas.
Fedhas was aware of your devotion.
You visited 1 branch of the dungeon, and saw 8 of its levels.

You collected 493 gold pieces.

Inventory:

Hand Weapons
 a - a +2 hunting sling (weapon)
 b - a +0 rapier of flaming
 r - a +0 dagger of freezing
 G - a +0 war axe of freezing
Missiles
 d - 23 sling bullets (quivered ammo)
 h - a throwing net
 i - 205 stones
 l - 32 poisoned darts
 y - 12 boomerangs
 F - 7 boomerangs of dispersal
Armour
 v - a +0 chain mail of poison resistance (worn)
 x - a +2 hat (worn)
 A - the +1 chain mail of Refuge {rElec rCorr}
   (You found it on level 6 of the Dungeon)

   It insulates you from electricity.
   It provides partial protection from all sources of acid and corrosion.
 B - a +0 cloak (worn)
 E - a +0 pair of gloves (worn)
Jewellery
 c - a ring of positive energy (right hand)
 t - an uncursed ring of ice
Wands
 u - a wand of iceblast (13)
 H - a wand of random effects (19)
Scrolls
 e - 3 scrolls of enchant weapon
 g - a scroll of immolation
 n - a scroll of amnesia
 p - 4 scrolls of teleportation
 w - a scroll of fog
 D - a scroll of fear {unknown}
Potions
 f - a potion of might {unknown}
 j - 2 potions of haste
 k - 2 potions of curing
 o - 2 potions of magic
 q - 5 potions of brilliance
 s - 3 potions of mutation
 z - 2 potions of flight {unknown}
 C - a potion of attraction {unknown}
 I - a potion of lignification {unknown}


   Skills:
 - Level 7.0 Fighting
 - Level 4.0 Short Blades
 + Level 9.6 Slings
 - Level 5.0 Armour
 + Level 6.1 Dodging
 - Level 1.1 Stealth
 - Level 3.0 Invocations


You had 8 spell levels left.
You didn't know any spells.
Your spell library contained the following spells:

 Spells                   Type           Power        Failure   Level
 Confusing Touch          Hex            0%           100%        3
 Gell's Gravitas          Tloc           0%           100%        3
 Petrify                  Tmut/Erth      0%           100%        4
 Metabolic Englaciation   Hex/Ice        0%           100%        5
 Yara's Violent Unravell  Hex/Tmut       0%           100%        5


Dungeon Overview and Level Annotations

Branches:
Dungeon (8/15)             Temple (0/1) D:4
   Lair: D:8-11

Altars:
Fedhas
Gozag
Hepliaklqana
Kikubaaqudgha
Nemelex Xobeh
Vehumet
Zin

Shops:
D:6 (

Annotations:
D:7 1 runed translucent door


Innate Abilities, Weirdness & Mutations

You are small and have problems with some larger weapons.
You are somewhat resistant to further mutation.


Message History

Fire: 24 sling bullets
Press: ? - help, Q - select action, (/) - cycle Shift-Dir - straight line, f/p - two-headed ogre
Aim: a two-headed ogre, wielding two +0 giant clubs (79% to hit)
You shoot a sling bullet.
The sling bullet barely misses the two-headed ogre.
Aiming: Random Effects
Press: ? - help, Shift-Dir - straight line, f/p - two-headed ogre
Aim: a two-headed ogre, wielding two +0 giant clubs The two-headed ogre flickers and vanishes!
Deactivating autopickup; reactivate with Ctrl-A.
Something hits you!!
* * * LOW HITPOINT WARNING * * *
Something completely misses you.
Aiming: Random Effects
Press: ? - help, Shift-Dir - straight line The puff of flame hits something.
Something hits you.
* * * LOW HITPOINT WARNING * * *
Something hits you!
You die...
Fedhas appreciates your contribution to the ecosystem.

#.......................#........
###.##...#)..#...#...#..########.
#.#...................._# #.
#.#..#...#...#...#...#..# #.
.<#.....................# #.
#.#.###################### #.
#.#.# #.....# #...# #...# #.
..#.####.....###...####.)#######.
.(.....'.....'.÷@{.(.÷..>(.....#.
#.#.####.....###...###.........#.
..#.# #.....# #...# #.........##
..#.# #.....# #...# #.........#
..#.# ####### #...# #.........#
..#.# #...# #.....^...# ....#
#...# #.........# .##.# #####
#.........# .##.# #........(#


There were no monsters in sight!

Vanquished Creatures
  A two-headed ogre (D:6)
  A wyvern (D:6)
  Duvessa (D:7)
  3 sky beasts
  An ice beast (D:7)
  An ogre (D:6)
  2 big kobolds (D:7)
  2 bullfrogs
  Dowan (D:7)
  A water moccasin skeleton (D:5)
  3 howler monkeys
  2 bullfrog zombies (D:6)
  3 hounds
  Crazy Yiuf (D:6)
  2 centaur skeletons (D:7)
  2 iguanas
  Ijyb (D:4)
  2 worker ants
  An orc wizard (D:6)
  A hound skeleton (D:6)
  4 gnolls (D:6)
  6 adders
  2 shadow imps (D:7)
  A white imp (D:7)
  2 oozes
  An adder skeleton (D:6)
  4 dart slugs
  2 worms
  2 leopard geckos
  11 orcs
  10 bats
  4 giant cockroaches
  9 goblins
  7 hobgoblins
  4 jackals
  4 quokkas
  2 ball pythons (D:3)
  5 frilled lizards
  12 kobolds
  2 quokka skeletons
  11 rats
137 creatures vanquished.

Vanquished Creatures (others)
  6 plants (D:3)
6 creatures vanquished.

Grand Total: 143 creatures vanquished

Notes
Turn   | Place    | Note
-------+----------+-------------------------------------------
     0 | D:1      | porpoise the Halfling Hunter began the quest for the Orb.
     0 | D:1      | Reached XP level 1. HP: 14/14 MP: 1/1
   162 | D:1      | Reached skill level 6 in Slings
   314 | D:1      | Reached XP level 2. HP: 19/19 MP: 2/2
   458 | D:1      | Reached skill level 1 in Short Blades
  1097 | D:1      | Reached XP level 3. HP: 25/25 MP: 3/3
  1860 | D:3      | Reached XP level 4. HP: 30/30 MP: 4/4
  2633 | D:3      | Found an ancient bone altar of Kikubaaqudgha.
  2633 | D:3      | Found an opulent altar of Gozag.
  3095 | D:4      | Found a blossoming altar of Fedhas.
  3102 | D:4      | Reached XP level 5. HP: 36/36 MP: 5/5
  3122 | D:4      | Noticed Ijyb
  3131 | D:4      | Killed Ijyb
  3492 | D:4      | Found a staircase to the Ecumenical Temple.
  3986 | D:4      | Became a worshipper of Fedhas Madash
  4003 | D:5      | Entered Level 5 of the Dungeon
  4022 | D:5      | Noticed a sky beast
  4043 | D:5      | Killed a sky beast
  4044 | D:5      | Reached XP level 6. HP: 8/44 MP: 6/6
  4405 | D:5      | Reached skill level 1 in Invocations
  4615 | D:5      | Reached skill level 5 in Fighting
  4615 | D:5      | Reached XP level 7. HP: 45/50 MP: 8/8
  5539 | D:6      | Reached * piety under Fedhas
  5540 | D:6      | Found Myoluf's Weapon Shop.
  5696 | D:6      | Got a dazzling chain mail
  5715 | D:6      | Identified the +1 chain mail of Refuge {rElec rCorr} (You
                  | found it on level 6 of the Dungeon)
  5798 | D:6      | Reached XP level 8. HP: 58/58 MP: 10/10
  5872 | D:6      | Reached skill level 1 in Armour
  5985 | D:6      | Found a runed translucent door.
  5986 | D:6      | Noticed Crazy Yiuf
  5995 | D:6      | Killed Crazy Yiuf
  6061 | D:6      | Found a radiant altar of Vehumet.
  6190 | D:6      | Noticed a wyvern
  6205 | D:6      | Killed a wyvern
  6487 | D:6      | Noticed a two-headed ogre
  6555 | D:6      | Killed a two-headed ogre
  6556 | D:6      | Reached skill level 5 in Armour
  6556 | D:6      | Reached skill level 8 in Slings
  6556 | D:6      | Reached XP level 9. HP: 32/64 MP: 11/11
  6855 | D:7      | Found a glowing silver altar of Zin.
  6855 | D:7      | Noticed an angel
  6887 | D:7      | Found a runed translucent door.
  7015 | D:7      | Reached skill level 5 in Dodging
  7331 | D:7      | Reached ** piety under Fedhas
  7484 | D:7      | Found a sparkling altar of Nemelex Xobeh.
  7579 | D:7      | Noticed Duvessa
  7585 | D:7      | Noticed Dowan
  7599 | D:7      | Killed Duvessa
  7600 | D:7      | Reached skill level 9 in Slings
  7604 | D:7      | Killed Dowan
  7663 | D:7      | Found a hazy altar of Hepliaklqana.
  8103 | D:8      | Noticed a two-headed ogre
  8110 | D:8      | Noticed a two-headed ogre
  8128 | D:7      | HP: 2/64 [something (5)]
  8128 | D:7      | Mangled by a two-headed ogre

Illustrated notes

Levels and vault maps discovered:
D:1:      eino_arrival_cavern_a, layout_basic
D:2:      layout_basic, minmay_tall_x
D:3:      layout_loops_ring, gammafunk_temple_overflow_statue,
          minmay_misc_feat_alley, serial_bayou_pond_a
D:4:      layout_basic, lemuel_crystal_altar, minmay_temple_entry_hall,
          nrook_uturn, uniq_ijyb
D:5:      layout_loops_ring
D:6:      layout_rooms, kennysheep_mini, serial_shops, kennysheep_mini_moat,
          grunt_potential, uniq_crazy_yiuf_cottage
D:7:      layout_basic, old_standard_altar, lemuel_coloured_pillars_altar,
          lemuel_angel_altar, uniq_duvessa
D:8:      layout_basic, serial_shops, shop,
          nicolae_shop_competitors_out_of_business, basic_altar

Skill      XL: |  1  2  3  4  5  6  7  8  9 |
---------------+----------------------------+-----
Slings         | 6 8 9 |  9.6
Fighting       | 2 3 4 5 6 7 |  7.0
Short Blades   | 1 2 3 4 |  4.0
Invocations    | 1 3 |  3.0
Armour         | 5 |  5.0
Dodging        | 4 6 |  6.1
Stealth        | |  1.1

Action                   |  1- 3 |  4- 6 |  7- 9 || total
-------------------------+-------+-------+-------++-------
Melee: Short sword       |    78 |       |       ||    78
       War axe           |     8 |    72 |   119 ||   199
       Hunting sling     |       |       |     1 ||     1
       Rapier            |       |       |    20 ||    20
 Fire: Hunting sling     |    19 |    93 |   209 ||   321
Invok: Wall of Briars    |       |       |     1 ||     1
Evoke: Wand              |       |       |     2 ||     2
  Use: Scroll            |       |    11 |     2 ||    13
       Potion            |       |       |     1 ||     1
 Stab: Sleeping          |     1 |       |       ||     1
Armor: Leather armour    |     1 |       |     5 ||     6
       Ring mail         |    22 |    32 |       ||    54
       Chain mail        |       |     1 |   113 ||   114
Dodge: Dodged            |    53 |    71 |   177 ||   301
